 Dungeon Crawl Stone Soup version 0.26.1-11-gd32895ea62 (webtiles) character file.

Game seed: 3275440952726871783

907879 Tirrikindir the Conqueror (level 27, 323/323 HPs)
             Began as a Demonspawn Fighter on June 11, 2021.
             Was the Champion of Okawaru (penitent).
             Got out of the dungeon
             ... with 5 runes!
             The game lasted 05:59:50 (79655 turns).

Tirrikindir the Conqueror (Demonspawn Fighter)     Turns: 79655, Time: 05:59:50

Health: 323/323    AC: 35    Str: 40    XL:     27
Magic:  32/32      EV: 15    Int: 22    God:    Okawaru [*]
Gold:   2796       SH: 35    Dex: 23    Spells: 39/52 levels left

rFire    + . .     SeeInvis +   G - +10 scimitar of Meron {vorpal, rElec rC+ Str+3 Stlth-}
rCold    + . .     Faith    .   P - +8 tower shield of Grim New Discoveries {Dex+3}
rNeg     + + +     Spirit   +   t - +0 gold dragon scales
rPois    +         Reflect  .   v - +2 hat {Will+}
rElec    +         Harm     .   m - +0 cloak of Okawaru's Whim {Regen+}
rCorr    .         Rampage  .   z - +1 pair of gloves of the Skies Above {Str+3 Stlth+}
Will     +++..                  (boots unavailable)
Stlth    ..........             Z - amulet of the Ageing Genius {Spirit rPois rC- rN++ Str+4}
HPRegen  1.03/turn              A - ring of Meluax {rPois Str+6 Dex+3}
MPRegen  0.23/turn              b - ring of Penall {*Contam rElec rN+ Int+9 SInv}

@: no status effects
A: horns 1, talons 3, slimy green scales 3, camouflage 1, clever 1, demonic
guardian 3, low mp 2, poison resistance, powered by death 3, robust 3
}: 5/15 runes: decaying, silver, iron, bone, gossamer
a: Renounce Religion


You escaped.
You worshipped Okawaru.
Okawaru was demanding penance.
You visited 14 branches of the dungeon, and saw 65 of its levels.
You visited the Abyss 2 times.
You visited 1 bazaar.
You also visited: Bailey, Gauntlet and Ice Cave.

You collected 9125 gold pieces.
You spent 6329 gold pieces at shops.

Inventory:

Hand Weapons
 G - the +10 scimitar of Meron (weapon) {vorpal, rElec rC+ Str+3 Stlth-}
   (Okawaru gifted it to you on level 1 of the Crypt)

   It inflicts extra damage upon your enemies.
   It affects your strength (+3).
   It protects you from cold.
   It insulates you from electricity.
   It makes you less stealthy.
Missiles
 e - 42 boomerangs (quivered)
Armour
 m - the +0 cloak of Okawaru's Whim (worn) {Regen+}
   (You found it on level 3 of the Lair of Beasts)

   It increases your rate of regeneration.
 t - +0 gold dragon scales (worn)
 v - a +2 hat of willpower (worn)
 z - the +1 pair of gloves of the Skies Above (worn) {Str+3 Stlth+}
   (You found it in a Gauntlet)

   It affects your strength (+3).
   It makes you more stealthy.
 P - the +8 tower shield of Grim New Discoveries (worn) {Dex+3}
   (You acquired it on level 2 of the Spider Nest)

   It affects your dexterity (+3).
Jewellery
 b - the ring of Penall (right hand) {*Contam rElec rN+ Int+9 SInv}
   (You bought it in a shop on level 1 of the Elven Halls)

   [ring of positive energy]

   It affects your intelligence (+9).
   It insulates you from electricity.
   It protects you from negative energy.
   It lets you see invisible.
   It causes magical contamination when unequipped.
 A - the ring of Meluax (left hand) {rPois Str+6 Dex+3}
   (You bought it in a shop on level 1 of the Orcish Mines)

   [ring of strength]

   It affects your strength (+6).
   It affects your dexterity (+3).
   It protects you from poison.
 B - an uncursed ring of flight
 Z - the amulet of the Ageing Genius (around neck) {Spirit rPois rC- rN++ Str+4}
   (You found it on level 4 of the Depths)

   [amulet of guardian spirit]

   It causes incoming damage to be split between your health and magic.
   It affects your strength (+4).
   It makes you vulnerable to cold.
   It protects you from poison.
   It greatly protects you from negative energy.
Wands
 q - a wand of flame (11)
 u - a wand of iceblast (135)
 y - a wand of digging (23)
 F - a wand of paralysis (48)
 M - a wand of enslavement (39)
 N - a wand of acid (84)
 O - a wand of disintegration (43)
Scrolls
 f - 27 scrolls of remove curse
 g - 9 scrolls of fog
 h - 10 scrolls of fear
 j - 24 scrolls of teleportation
 l - 2 scrolls of identify
 n - 2 scrolls of brand weapon
 s - 8 scrolls of magic mapping
 x - 4 scrolls of enchant weapon
 Q - 4 scrolls of summoning
 R - 2 scrolls of silence
Potions
 c - 2 potions of might
 d - a potion of mutation
 k - 18 potions of heal wounds
 o - 4 potions of resistance
 r - a potion of magic
 C - 9 potions of cancellation
 D - 7 potions of ambrosia
 I - 6 potions of invisibility
 K - 18 potions of curing
 S - 9 potions of haste
Miscellaneous
 a - the horn of Geryon
 i - a condenser vane
 p - a tin of tremorstones (2/2)
 L - a lightning rod (4/4)


   Skills:
 O Level 27 Fighting
 + Level 22.4 Long Blades
 + Level 22.4 Armour
 - Level 10.0 Dodging
 + Level 20.9 Shields
 - Level 3.3 Unarmed Combat
 + Level 13.1 Spellcasting
 * Level 17.1 Summonings
 * Level 12.5 Earth Magic
 - Level 22.0 Invocations
 + Level 15.1 Evocations


You had 39 spell levels left.
You knew the following spells:

 Your Spells              Type           Power        Failure   Level
a - Shadow Creatures      Summ           N/A          4%          6
b - Call Imp              Summ           74%          1%          2
c - Lee's Rapid Deconstr  Erth           31%          6%          5

Your spell library contained the following spells:

 Spells                   Type           Power        Failure   Level
 Sandblast                Erth           100%         1%          1
 Summon Small Mammal      Summ           100%         1%          1
 Summon Demon             Summ           37%          1%          5
 Passwall                 Tmut/Erth      35%          4%          2
 Stone Arrow              Conj/Erth      84%          9%          3
 Summon Hydra             Summ           37%          26%         7
 Leda's Liquefaction      Hex/Erth       21%          28%         4
 Petrify                  Tmut/Erth      42%          28%         4
 Summon Forest            Summ/Tloc      25%          30%         5
 Summon Mana Viper        Hex/Summ       51%          30%         5
 Animate Skeleton         Necr           28%          36%         1
 Apportation              Tloc           28%          36%         1
 Beastly Appendage        Tmut           28%          36%         1
 Corona                   Hex            15%          36%         1
 Magic Dart               Conj           56%          36%         1
 Pain                     Necr           56%          36%         1
 Shock                    Conj/Air       56%          36%         1
 Sting                    Tmut/Pois      56%          36%         1
 Blink                    Tloc           N/A          50%         2
 Corpse Rot               Necr/Air       N/A          50%         2
 Ensorcelled Hibernation  Hex/Ice        28%          50%         2
 Poisonous Vapours        Pois/Air       28%          50%         2
 Searing Ray              Conj           28%          50%         2
 Slow                     Hex            14%          50%         2
 Sublimation of Blood     Necr           7%           50%         2
 Swiftness                Air            14%          50%         2
 Wereblood                Tmut           14%          50%         2
 Borgnjor's Vile Clutch   Necr/Erth      21%          61%         5
 Confusing Touch          Hex            14%          73%         3
 Conjure Flame            Conj/Fire      14%          73%         3
 Dazzling Flash           Conj/Hex       28%          73%         3
 Frozen Ramparts          Ice            28%          73%         3
 Gell's Gravitas          Tloc           7%           73%         3
 Ignite Poison            Fire/Tmut/Pois 14%          73%         3
 Inner Flame              Hex/Fire       14%          73%         3
 Lesser Beckoning         Tloc           7%           73%         3
 Mephitic Cloud           Conj/Pois/Air  14%          73%         3
 Ozocubu's Armour         Ice            14%          73%         3
 Portal Projectile        Hex/Tloc       28%          73%         3
 Spider Form              Tmut/Pois      7%           73%         3
 Static Discharge         Conj/Air       14%          73%         3
 Teleport Other           Tloc           14%          73%         3
 Tukima's Dance           Hex            14%          73%         3
 Vampiric Draining        Necr           7%           73%         3
 Bolt of Magma            Conj/Fire/Erth 16%          88%         5
 Airstrike                Air            7%           98%         4
 Animate Dead             Necr           7%           98%         4
 Cause Fear               Hex            7%           98%         4
 Dispel Undead            Necr           14%          98%         4
 Fulminant Prism          Conj/Hex       7%           98%         4
 Ice Form                 Ice/Tmut       14%          98%         4
 Iskenderun's Mystic Bla  Conj/Tloc      14%          98%         4
 Olgreb's Toxic Radiance  Pois           14%          98%         4
 Passage of Golubria      Tloc           N/A          98%         4
 Sticky Flame             Conj/Fire      14%          98%         4
 Iron Shot                Conj/Erth      21%          99%         6
 Statue Form              Tmut/Erth      28%          99%         6
 Agony                    Necr           14%          100%        5
 Alistair's Intoxication  Tmut/Pois      9%           100%        5
 Blade Hands              Tmut           7%           100%        5
 Excruciating Wounds      Necr           7%           100%        5
 Irradiate                Conj/Tmut      7%           100%        5
 Iskenderun's Battlesphe  Conj           14%          100%        5
 Lightning Bolt           Conj/Air       7%           100%        5
 Metabolic Englaciation   Hex/Ice        7%           100%        5
 Silence                  Hex/Air        7%           100%        5
 Yara's Violent Unravell  Hex/Tmut       7%           100%        5
 Conjure Ball Lightning   Conj/Air       7%           100%        6
 Death Channel            Necr           7%           100%        6
 Freezing Cloud           Conj/Ice/Air   7%           100%        6
 Hydra Form               Tmut           7%           100%        6
 Invisibility             Hex            14%          100%        6
 Ozocubu's Refrigeration  Ice            7%           100%        6
 Simulacrum               Ice/Necr       7%           100%        6
 Dragon Form              Tmut           7%           100%        7
 Malign Gateway           Summ/Tloc      25%          100%        7
 Orb of Destruction       Conj           7%           100%        7
 Spellforged Servitor     Conj/Summ      25%          100%        7
 Discord                  Hex            7%           100%        8
 Ignition                 Fire           7%           100%        8
 Dragon's Call            Summ           37%          100%        9


Dungeon Overview and Level Annotations

Branches:
Dungeon (15/15)            Temple (1/1) D:4            Lair (6/6) D:11
  Swamp (4/4) Lair:3       Spider (4/4) Lair:4        Slime (0/5) Lair:5
    Orc (2/2) D:11            Elf (3/3) Orc:2        Vaults (5/5) D:13
  Crypt (3/3) Vaults:3       Tomb (0/3) Crypt:3      Depths (5/5) D:15
   Hell (visited)             Dis (7/7) Hell            Geh (0/7) Hell
    Coc (0/7) Hell            Tar (7/7) Hell            Zot (2/5) Depths:5
 Bailey (visited)           IceCv (visited)         Gauntlet (visited)

Altars:
Ashenzari
Cheibriados
Dithmenos
Elyvilon
Fedhas
Gozag
Hepliaklqana
Kikubaaqudgha
Makhleb
Nemelex Xobeh
Okawaru
Qazlal
Ru
Sif Muna
Trog
Uskayaw
Vehumet
Wu Jian
Xom
Yredelemnul
Zin
The Shining One
Beogh
Jiyva
Lugonu

Shops:
D:7 }   D:8 *   Orc:1 =   Orc:2 ?*?*   Elf:1 =   Elf:2 }}=   Elf:3 (
Vaults:1 =[[}   Vaults:3 }

Portals:
Hell: Depths:1 Depths:2 Depths:3 Depths:4 Depths:5
Abyss: Depths:2 Depths:3 Depths:4
Pandemonium: Depths:2 Depths:3 Depths:5
Ziggurat: Depths:2


Innate Abilities, Weirdness & Mutations

You have claws for feet.
You are completely covered in slimy green scales. (AC +4, rPois)
A powerful demonic guardian rushes to your aid.
You regenerate a lot of health from kills.
You are extremely robust. (+30% HP)
You have a pair of small horns on your head.
Your skin changes colour to match your surroundings (Stealth+).
Your mind is acute. (Int +2)
Your magical capacity is very low. (-20% MP)
Your system is resistant to poisons. (rPois)


Message History

There is a stone staircase leading down here.
There is an escape hatch in the ceiling here.
A mysterious force pulls you upwards. The hatch slams shut behind you.
There is a stone staircase leading up here.
You climb upwards.
There is a stone staircase leading down here.
There is an open door here.
There is a stone staircase leading up here.
You climb upwards.
There is a stone staircase leading down here.
There is an open door here.
You open the door.
There is an open door here.
You open the door.
There is an open door here.
You open the door.
There is an open door here.
There is a staircase leading out of the dungeon here.
Are you sure you want to leave the Dungeon?
This will make you lose the game!
You have escaped!

#.≈##'####'####+##≈#
#.≈≈#.#.......#.#≈≈#
#.≈≈#.#...8...#.#≈≈#
#.≈≈#.+.#####.'.#≈≈#
#.≈≈#.#...8...#.#≈≈#
#.≈≈#.#.......#.#≈≈#
#.≈##'####+####'##≈#
#.≈#..'.......'..#≈#
#.≈#∩.####'####.@#≈#
#.≈####≈≈≈.≈≈≈####≈#
#.≈≈≈≈≈≈≈≈.≈≈≈≈≈≈≈≈#
#..........#########
#.########## ..# ###


There were no monsters in sight!

Vanquished Creatures
  Ereshkigal (Tar:7)
  An orb of fire (Zot:1)
  Dispater (Dis:7)
  Mara (Vaults:2)
  5 ancient liches
  A royal mummy (Crypt:3)
  Bai Suzhen (Spider:4)
  The ghost of Ucsexzetza the Slayer, a veteran HOFi of the Shining One (Vaults:2)
  Margery (Crypt:3)
  A caustic shrike (Depths:4)
  2 curse toes (Zot:2)
  Geryon (Hell)
  Saint Roka (Vaults:2)
  8 golden dragons
  38 Tzitzimimeh
  A shard shrike zombie (Crypt:1)
  15 bone dragons
  5 Brimstone Fiends
  16 iron giants
  16 doom hounds
  12 liches
  Rupert (D:13)
  11 tentacled monstrosities
  13 Hell Sentinels
  4 Ice Fiends
  3 quicksilver dragons
  7 titans
  2 deep elf blademasters
  5 sphinxes
  3 deep elf master archers
  3 death cobs (Zot:1)
  29 ancient champions
  An Executioner (Dis:1)
  Kirke (Swamp:4)
  5 tengu reavers
  4 revenants
  20 shadow dragons
  2 draconian monks (Zot:1)
  7 storm dragons
  A fenstrider witch (Swamp:4)
  6 ghost moths
  8 frost giants
  11 fire giants
  5 deep elf sorcerers
  2 draconian scorchers
  5 balrugs
  2 orc warlords
  12 iron dragons
  2 curse skulls
  2 draconian stormcallers (Zot:1)
  11 vault wardens
  A frost giant (shapeshifter) (Vaults:5)
  6 cacodemons
  An angel (Depths:2)
  5 deep elf elementalists
  The ghost of Beepinex the Severer, a journeyman HOFi of Uskayaw (Swamp:3)
  A draconian shifter (Depths:5)
  85 reapers
  2 emperor scorpions
  The ghost of oc3rt the Unseen, an adept KoHu of Hepliaklqana (Swamp:2)
  9 ironheart preservers
  11 ghouls
  A spriggan defender (Depths:4)
  The ghost of promet the Cleaver, a journeyman DDFi of Uskayaw (Lair:4)
  16 very ugly things
  19 vampire knights
  21 war gargoyles
  26 stone giants
  A lorocyproca (Hell)
  8 deep elf annihilators
  7 black draconians
  A green draconian (Zot:1)
  Nessos (D:13)
  A dire elephant (Lair:4)
  A minotaur (Gauntlet)
  Azrael (D:13)
  4 entropy weavers
  A white draconian (Zot:1)
  8 spark wasps
  7 deep elf demonologists
  5 purple draconians (Zot:1)
  3 bunyips
  5 red draconians
  An ettin (shapeshifter) (Elf:3)
  4 yellow draconians
  4 eidola
  3 blizzard demons
  14 ettins
  Snorg (Lair:4)
  6 mummy priests (Crypt:3)
  12 deep elf death magi
  10 quicksilver dragon zombies
  A shambling mangrove (Swamp:2)
  A crystal guardian (Vaults:3)
  A green death (Depths:3)
  2 eleionomae
  7 ogre magi
  10 fire dragons
  9 great orbs of eyes
  7 deep elf high priests
  11 yaktaur captains
  19 jiangshi
  4 quicksilver dragon skeletons
  Erolcha (D:12)
  26 vault guards
  13 ice dragons
  2 catoblepae
  3 hydras
  3 spriggan air magi
  6 rakshasas
  2 hell beasts
  13 centaur warriors
  8 ghost crabs
  6 alligators
  4 boulder beetles
  15 deep troll shamans
  29 dancing weapons
  2 death knights
  7 death scarabs (Spider:4)
  16 hell hogs
  15 vampire magi
  24 two-headed ogres
  20 deep troll earth magi
  A queen ant (shapeshifter) (Vaults:5)
  Urug (Lair:5)
  4 spriggan berserkers
  3 tengu warriors
  11 death yaks
  4 orc high priests
  6 titan zombies
  9 iron golems
  7 storm dragon zombies
  12 deep elf knights
  2 fire crabs
  A fire crab (shapeshifter) (Vaults:3)
  16 soul eaters
  33 hell knights
  235 skeletal warriors
  A sixfirhy (Depths:3)
  14 sun demons
  5 shadow wraiths
  2 spectral emperor scorpions (Spider:4)
  16 iron trolls
  6 ghost moth zombies
  5 glowing orange brains
  8 golden dragon zombies
  2 titan skeletons (Tar:3)
  16 flayed ghosts
  4 storm dragon skeletons
  5 swamp dragons
  17 shadow demons
  2 death drakes
  43 deep trolls
  7 shadow dragon zombies
  An unseen horror (Vaults:1)
  A gelid demonspawn (Depths:5)
  7 goliath frogs
  An infernal demonspawn (Depths:5)
  13 deep elf archers
  6 wizards
  6 anaconda zombies
  2 spriggan druids
  14 ironbrand convokers
  13 necromancers
  3 spectral wolf spiders (Spider:4)
  22 phantasmal warriors
  Pikel (D:5)
  5 wolf spider zombies
  5 bog bodies
  17 orc knights
  36 wolf spiders
  2 golden dragon skeletons
  11 orb spiders
  4 anaconda skeletons
  An oklob plant (Lair:6)
  7 stone giant zombies
  9 orc sorcerers
  9 iron dragon zombies
  3 will-o-the-wisps
  65 deep elf magi
  8 fire giant zombies
  7 frost giant zombies
  A cyclops (shapeshifter) (Depths:3)
  22 moths of wrath
  27 ugly things
  A manticore (D:12)
  6 large abominations
  4 cyclopes
  An iron dragon skeleton (Tar:3)
  16 elephants
  3 shock serpent zombies
  A guardian serpent (Lair:6)
  57 rust devils
  6 dire elephant zombies
  11 black mambas
  A fire giant skeleton (Tar:7)
  3 smoke demons
  A gargoyle (D:12)
  2 ice statues (IceCv)
  A naga mage (D:15)
  7 stone giant skeletons
  2 frost giant skeletons
  2 molten gargoyles
  17 vault sentinels
  The ghost of Zeld the Ducker, a novice GnGl of Yredelemnul (D:5)
  2 eleionoma skeletons (Crypt:1)
  18 cane toads
  2 shock serpent skeletons
  24 hellions
  An orange demon (Hell)
  3 dire elephant skeletons
  6 torpor snails
  55 yaktaurs
  7 spectral redbacks (Spider:4)
  2 emperor scorpion zombies (Dis:3)
  6 komodo dragons
  2 anaconda simulacra
  2 kobold demonologists
  58 tormentors
  An efreet (Dis:7)
  A komodo dragon (shapeshifter) (Depths:4)
  15 demonic crawlers
  9 rime drakes
  2 catoblepas zombies
  24 freezing wraiths
  22 guardian mummies (Crypt:3)
  20 red devils
  A yaktaur (shapeshifter) (Vaults:1)
  A catoblepas skeleton (Crypt:3)
  31 jumping spiders
  23 ice devils
  10 hydra zombies
  14 trolls
  4 tengu conjurers
  2 silent spectres
  A queen bee (D:10)
  A wolf spider simulacrum (Tar:3)
  A death drake skeleton (Crypt:1)
  A tarantella zombie (Spider:4)
  A wind drake (shapeshifter) (Vaults:2)
  26 hornets
  18 slime creatures
  A sphinx simulacrum (Vaults:2)
  A harpy skeleton (Crypt:3)
  3 spectral jumping spiders (Spider:4)
  A guardian serpent zombie (Crypt:2)
  A spectral tarantella (Spider:4)
  2 jumping spider zombies (Spider:4)
  2 alligator zombies
  4 hydra skeletons
  3 ice dragon zombies
  2 meliai zombies
  A snapping turtle (shapeshifter) (Depths:1)
  A nameless horror (Elf:3)
  12 tyrant leeches
  12 blink frogs
  7 fire dragon zombies
  8 ettin zombies
  2 frost giant simulacra (Vaults:4)
  A spriggan (shapeshifter) (D:15)
  An ice dragon skeleton (Tar:7)
  12 water elementals
  2 ettin skeletons
  3 human simulacra
  A stone giant simulacrum (Hell)
  3 fire dragon skeletons
  66 redbacks
  75 flying skulls
  An air elemental (Elf:1)
  2 black mamba zombies
  23 wyverns
  An alligator skeleton (Tar:3)
  8 spriggans
  33 tarantellas
  37 wraiths
  71 shadows
  2 hogs (Swamp:4)
  11 small abominations
  15 yaks
  10 ushabtiu (Crypt:3)
  9 fire elementals
  A golden eye (shapeshifter) (Depths:2)
  4 basilisks
  A human (shapeshifter) (Depths:2)
  A black mamba skeleton (Tar:4)
  A wind drake skeleton (Crypt:3)
  2 neqoxecs
  A swamp worm (shapeshifter) (Vaults:5)
  15 vampire mosquitoes
  2 elf skeletons
  5 swamp worm simulacra (Swamp:4)
  4 cane toad zombies
  15 swamp worms
  A torturous demonspawn zombie (Crypt:1)
  3 wargs
  A two-headed ogre zombie (Crypt:1)
  22 water moccasins
  An acid dragon (D:13)
  17 hydra simulacra
  A floating eye (Depths:5)
  A merfolk skeleton (Tar:3)
  2 spectral hornets (Spider:4)
  A soldier ant (D:12)
  A black bear (shapeshifter) (Depths:1)
  81 hell hounds
  2 floating eyes (shapeshifter) (Vaults:5)
  5 hornet zombies
  4 black bears
  2 swamp dragon zombies
  2 cane toad skeletons
  44 orc warriors
  2 swamp drakes
  30 ogres
  A manticore zombie (Tar:3)
  36 necrophages
  18 ice beasts
  A sky beast (D:9)
  8 phantoms
  5 boggarts (Depths:2)
  7 snapping turtle zombies
  9 centaurs
  2 snapping turtle skeletons
  An ogre (shapeshifter) (Vaults:3)
  A lemure (D:5)
  A manticore skeleton (Tar:2)
  A blink frog skeleton (Crypt:3)
  A swamp dragon skeleton (Crypt:3)
  3 elf zombies
  2 gnoll sergeants
  18 bullfrogs
  A komodo dragon zombie (Crypt:2)
  A big kobold (D:10)
  A cane toad simulacrum (Crypt:3)
  An earth elemental (Elf:2)
  2 wyvern zombies
  2 troll zombies
  A wyvern skeleton (D:13)
  3 scorpions
  A raiju zombie (Crypt:1)
  36 killer bees
  A warg skeleton (Crypt:2)
  A raiju skeleton (Crypt:3)
  79 wights
  A howler monkey (D:9)
  4 electric eels
  5 crimson imps
  6 bullfrog zombies
  4 centaur zombies
  2 quasits
  67 iron imps
  6 jellies
  28 orc wizards
  A human zombie (Dis:5)
  17 orc priests
  A basilisk zombie (Crypt:3)
  3 hounds
  A basilisk skeleton (Crypt:2)
  6 bullfrog skeletons
  6 centaur skeletons
  A human skeleton (Tar:7)
  5 iguanas
  8 hell rats
  11 worker ants
  A killer bee zombie (D:7)
  3 tengu zombies
  A naga skeleton (Tar:6)
  An ogre skeleton (Crypt:1)
  2 tengu skeletons
  2 hound zombies (D:7)
  2 hound skeletons
  19 mummies
  3 worker ant zombies
  9 gnolls
  10 adders
  A steam dragon zombie (Crypt:2)
  4 howler monkey skeletons
  A naga simulacrum (Crypt:1)
  25 shadow imps
  2 white imps
  3 ufetubi
  An ooze (D:2)
  3 swamp drake simulacra (Swamp:4)
  An adder zombie (D:6)
  A worm zombie (Crypt:3)
  4 adder skeletons
  A worm (D:4)
  2 dart slugs
  6 leopard geckos
  100 orcs
  2 ball pythons
  2 bat zombies
  5 giant cockroaches
  9 goblins
  12 hobgoblins
  10 jackals
  15 kobolds
  A quokka (D:4)
  9 bats
  A dart slug zombie (Crypt:2)
  4 frilled lizards
  2 kobold skeletons
  3 leopard gecko skeletons
  A leopard gecko zombie (D:6)
  An orc skeleton (Dis:4)
  A quokka zombie (D:5)
  11 rats
  7 crawling corpses
3764 creatures vanquished.

Vanquished Creatures (collateral kills)
  A golden dragon (Zot:2)
  4 Tzitzimimeh
  3 bone dragons
  2 iron giants
  2 tentacled monstrosities
  A Hell Sentinel (Dis:7)
  A sphinx (Depths:1)
  7 ancient champions
  Agnes (Spider:1)
  3 draconian monks (Zot:1)
  3 shadow dragons
  A revenant (Crypt:1)
  A fire giant (Vaults:3)
  2 vault wardens
  2 frost giants
  2 orc warlords (Vaults:2)
  A draconian knight (Zot:1)
  A curse skull (Crypt:2)
  2 ironheart preservers
  2 emperor scorpions (Spider:4)
  5 reapers
  2 very ugly things (Depths:5)
  3 stone giants
  A dire elephant (Lair:4)
  An entropy weaver (Spider:1)
  A bunyip (Swamp:2)
  3 eleionomae
  3 ettins
  A fire dragon (Depths:5)
  3 ogre magi
  A yaktaur captain (Depths:5)
  2 deep troll shamans
  2 alligators
  A death scarab (Spider:4)
  A hell hog (Dis:5)
  3 deep troll earth magi
  5 two-headed ogres
  7 death yaks
  Sonja (D:10)
  A hell knight (Tar:1)
  A deep elf knight (Elf:1)
  A storm dragon zombie (Dis:2)
  An iron golem (Dis:7)
  2 soul eaters (Tar:5)
  11 skeletal warriors
  A spriggan druid (Swamp:3)
  3 goliath frogs
  11 deep trolls
  2 swamp dragons
  An obsidian statue (Vaults:4)
  2 orb spiders
  2 ironbrand convokers (Vaults:1)
  3 phantasmal warriors
  A wolf spider (Spider:2)
  A necromancer (Depths:5)
  An orc knight (D:13)
  3 wolf spider zombies
  A salamander (shapeshifter) (Depths:3)
  7 ugly things
  7 deep elf magi
  A cyclops (D:11)
  4 oklob plants (Lair:5)
  A will-o-the-wisp (Swamp:1)
  3 elephants (Lair:4)
  A vault sentinel (Vaults:1)
  A torpor snail (Depths:2)
  A redback zombie (Spider:4)
  2 centaur skeletons
  A yellow draconian zombie (Dis:5)
  A rime drake (Lair:5)
  An ice devil (Dis:5)
  A hellion (Dis:4)
  2 komodo dragons
  A red devil (Tar:2)
  2 guardian mummies (Crypt:3)
  6 yaktaurs
  5 jumping spiders
  A harpy skeleton (Dis:7)
  2 tyrant leeches
  A spectral tarantella (Spider:4)
  4 hornets
  6 slime creatures
  2 blink frogs
  10 redbacks
  5 flying skulls
  4 spriggans
  Sigmund (D:3)
  3 tarantellas
  A shadow (Tar:5)
  A wyvern (D:14)
  An ushabti (Crypt:3)
  4 yaks
  2 wraiths
  2 basilisks
  A hog (Swamp:4)
  2 vampire mosquitoes (Swamp:2)
  A swamp worm (Swamp:1)
  4 hell hounds
  3 water moccasins (Lair:6)
  5 orc warriors
  2 ice beasts
  3 ogres
  3 centaurs
  A necrophage (Tar:4)
  An elf zombie (Dis:2)
  A wyvern zombie (D:11)
  2 bullfrogs
  5 killer bees
  3 iron imps (Dis:7)
  An orc priest (D:13)
  A hound (D:5)
  4 orc wizards
  3 hell rats
  A hound zombie (D:11)
  A shadow imp (Tar:7)
  A worm (D:3)
  13 orcs
  A goblin (D:11)
  A jackal (D:7)
299 creatures vanquished.

Vanquished Creatures (others)
  A fire giant (Depths:2)
  A vault warden (Vaults:5)
  A vampire knight (Depths:2)
  A lorocyproca (Hell)
  A red draconian (Zot:1)
  An eleionoma (Swamp:4)
  A hydra (Swamp:3)
  3 hell hogs
  A goliath frog (Swamp:2)
  A skeletal warrior (Tar:7)
  An ironbrand convoker (Vaults:5)
  A deep elf archer (Elf:1)
  A guardian mummy (Crypt:3)
  A tyrant leech (Swamp:2)
  3 bloated husks
  A flying skull (Crypt:3)
  A wraith (Dis:7)
  A redback (Spider:3)
  A hell hound (Dis:2)
  An ogre (Depths:1)
  A necrophage (Tar:3)
  2 iron imps
  A hell rat (D:14)
  A mummy (Crypt:3)
  A river rat (shapeshifter) (Vaults:5)
  16 foxfires
  29 fungi
  59 plants
  23 withered plants (Crypt:3)
157 creatures vanquished.

Grand Total: 4220 creatures vanquished

Notes
Turn   | Place    | Note
-------+----------+-------------------------------------------
     0 | D:1      | Tirrikindir the Demonspawn Fighter began the quest for the
                  | Orb.
     0 | D:1      | Reached XP level 1. HP: 18/18 MP: 1/1
   271 | D:1      | Gained mutation: You regenerate a little health from kills.
                  | [demonic ancestry]
   271 | D:1      | Reached XP level 2. HP: 11/24 MP: 2/2
  1301 | D:2      | Reached XP level 3. HP: 23/29 MP: 3/3
  1673 | D:2      | Gained mutation: A weak demonic guardian rushes to your
                  | aid. [demonic ancestry]
  1673 | D:2      | Reached XP level 4. HP: 37/37 MP: 4/4
  2287 | D:3      | Reached skill level 1 in Dodging
  2307 | D:3      | Reached skill level 4 in Fighting
  2786 | D:3      | Noticed Sigmund
  2792 | D:3      | Killed Sigmund
  2793 | D:3      | Reached XP level 5. HP: 31/43 MP: 5/5
  3402 | D:4      | Gained mutation: You have sharp toenails. [demonic
                  | ancestry]
  3402 | D:4      | Reached XP level 6. HP: 44/49 MP: 6/6
  3444 | D:4      | Got a bloodstained long sword
  3444 | D:4      | Identified the +8 long sword "Jyem" {vorpal, rC+ Str+2}
                  | (You found it on level 4 of the Dungeon)
  3459 | D:4      | Found a staircase to the Ecumenical Temple.
  3478 | Temple   | Entered the Ecumenical Temple
  3588 | Temple   | Became a worshipper of Warmaster Okawaru
  3748 | D:4      | Reached skill level 1 in Invocations
  3771 | D:4      | Reached skill level 5 in Fighting
  3948 | D:4      | Gained mutation: You are partially covered in slimy green
                  | scales. (AC +2) [demonic ancestry]
  3948 | D:4      | Reached XP level 7. HP: 22/56 MP: 8/8
  4289 | D:4      | Found a glowing silver altar of Zin.
  4292 | D:4      | Found a stormy altar of Qazlal.
  4294 | D:4      | Found a shadowy altar of Dithmenos.
  4518 | D:5      | Entered Level 5 of the Dungeon
  4518 | D:5      | Noticed Pikel
  4540 | D:5      | Killed Pikel
  4541 | D:5      | Reached skill level 6 in Fighting
  4653 | D:5      | Reached XP level 8. HP: 64/65 MP: 10/10
  4701 | D:5      | Reached * piety under Okawaru
  4714 | D:5      | Found a runed translucent gate.
  4719 | D:5      | Found a runed translucent gate.
  4720 | D:5      | Found a runed translucent gate.
  4720 | D:5      | Noticed Zeld's ghost (novice GnGl)
  5398 | D:6      | Reached skill level 7 in Fighting
  5455 | D:6      | Reached skill level 1 in Evocations
  5499 | D:6      | Reached ** piety under Okawaru
  5500 | D:6      | Reached skill level 5 in Invocations
  5810 | D:6      | Reached skill level 5 in Long Blades
  5823 | D:6      | Gained mutation: A demonic guardian rushes to your aid.
                  | [demonic ancestry]
  5823 | D:6      | Reached XP level 9. HP: 72/72 MP: 13/13
  6389 | D:7      | Found a shimmering altar of Xom.
  6404 | D:7      | Reached *** piety under Okawaru
  6537 | D:7      | Found a sacrificial altar of Ru.
  6821 | D:7      | Found a shimmering blue altar of Sif Muna.
  6914 | D:7      | Found Taenedis's Gadget Shop.
  7058 | D:8      | Gained mutation: You possess an exceptional clarity of
                  | mind. [potion of mutation]
  7058 | D:8      | Gained mutation: You evolve. [potion of mutation]
  7058 | D:8      | Lost mutation: You possess an exceptional clarity of mind.
                  | [potion of mutation]
  7058 | D:8      | Gained mutation: You have a pair of small horns on your
                  | head. [potion of mutation]
  7208 | D:8      | Reached **** piety under Okawaru
  7251 | D:8      | Found Novom's Assorted Antiques.
  7253 | D:8      | Found a radiant altar of Vehumet.
  7259 | D:8      | Bought a scroll labelled XAOLEGG MEYK for 27 gold pieces
  7272 | D:8      | Bought a brightly glowing lead amulet for 135 gold pieces
  7278 | D:8      | Identified the amulet "Fapnion" {Spirit Dex+2 Stlth+} (You
                  | bought it in a shop on level 8 of the Dungeon)
  7385 | D:8      | Found a glowing golden altar of the Shining One.
  7432 | D:8      | Identified a scroll of acquirement
  7433 | D:8      | Acquired the +0 crystal plate armour of the Hanged Man
                  | {+Fly rElec}
  7577 | D:8      | Bought a twisted golden ring for 135 gold pieces
  7635 | D:9      | Gained mutation: You are weak. (Str -2) [evolution]
  7657 | D:9      | Reached XP level 10. HP: 77/79 MP: 12/14
  8255 | D:9      | Reached skill level 5 in Armour
  8279 | D:9      | Reached ***** piety under Okawaru
  8512 | D:5      | Killed Zeld's ghost
  8592 | D:10     | Entered Level 10 of the Dungeon
  8680 | D:10     | Noticed a two-headed ogre
  8699 | D:10     | Killed a two-headed ogre
  8700 | D:10     | Reached skill level 5 in Shields
  8705 | D:10     | Received a gift from Okawaru
  8854 | D:10     | Noticed Sonja
  8859 | D:10     | Killed Sonja
  8860 | D:10     | Gained mutation: You are mostly covered in slimy green
                  | scales. (AC +3) [demonic ancestry]
  8860 | D:10     | Reached XP level 11. HP: 51/86 MP: 11/16
  9720 | D:11     | Found a staircase to the Lair.
  9720 | D:11     | Noticed a death yak
  9720 | D:11     | Noticed a death yak
  9722 | D:11     | Noticed a death yak
  9799 | D:11     | Found a flagged portal.
  9825 | Bailey   | Entered a bailey
 10367 | Bailey   | Reached skill level 8 in Fighting
 10384 | Bailey   | Noticed an orc knight
 10391 | Bailey   | Killed an orc knight
 10399 | Bailey   | Gained mutation: You are clumsy. (Dex -2) [evolution]
 10835 | D:11     | Identified Yfinlyun's Collected Works on Unholy Orientation
 10846 | D:11     | Noticed a two-headed ogre
 10854 | D:11     | Killed a two-headed ogre
 10854 | D:11     | Received a gift from Okawaru
 11065 | D:11     | Found a staircase to the Orcish Mines.
 11172 | D:11     | Killed a death yak
 11174 | D:11     | Killed a death yak
 11473 | D:11     | Identified the +6 short sword of Welfare {venom, rPois}
 11643 | D:11     | Killed a death yak
 12025 | D:12     | Reached skill level 10 in Long Blades
 12206 | D:12     | Received a gift from Okawaru
 12207 | D:12     | Reached skill level 5 in Evocations
 12561 | D:12     | Noticed Erolcha
 12569 | D:12     | Killed Erolcha
 12569 | D:12     | Reached ****** piety under Okawaru
 12569 | D:12     | Received a gift from Okawaru
 12570 | D:12     | Reached XP level 12. HP: 88/94 MP: 16/18
 12660 | D:12     | Reached skill level 5 in Dodging
 12661 | D:12     | Received a gift from Okawaru
 12830 | D:12     | Noticed a two-headed ogre
 12834 | D:12     | Killed a two-headed ogre
 13597 | Lair:1   | Entered Level 1 of the Lair of Beasts
 13667 | Lair:1   | You fall into a shaft and drop 1 floor!
 14613 | Lair:2   | Gained mutation: Your skin changes colour to match your
                  | surroundings (Stealth+). [evolution]
 14613 | Lair:2   | Lost mutation: You evolve. [end of evolution]
 14844 | Lair:2   | Noticed a death yak
 14845 | Lair:2   | Noticed a death yak
 14846 | Lair:2   | Noticed a death yak
 14847 | Lair:2   | Noticed a death yak
 14853 | Lair:2   | Killed a death yak
 14864 | Lair:2   | Killed a death yak
 14871 | Lair:2   | Killed a death yak
 14872 | Lair:2   | Reached skill level 9 in Fighting
 14874 | Lair:2   | Killed a death yak
 15629 | Lair:3   | Got an ichor-stained cloak
 15639 | Lair:3   | Identified the cursed +0 cloak of Okawaru's Whim {Regen+}
                  | (You found it on level 3 of the Lair of Beasts)
 15836 | Lair:3   | Found a staircase to the Swamp.
 15934 | Lair:3   | Noticed a death yak
 15935 | Lair:3   | Noticed a death yak
 15935 | Lair:3   | Noticed a death yak
 15936 | Lair:3   | Noticed a death yak
 15937 | Lair:3   | Noticed a death yak
 15952 | Lair:3   | Killed a death yak
 15958 | Lair:3   | Killed a death yak
 15960 | Lair:3   | Killed a death yak
 15960 | Lair:3   | Received a gift from Okawaru
 15966 | Lair:3   | Killed a death yak
 15968 | Lair:3   | Killed a death yak
 16855 | Lair:4   | Reached XP level 13. HP: 97/101 MP: 18/20
 16946 | Lair:4   | Reached skill level 10 in Invocations
 16983 | Lair:4   | Found a transporter.
 16986 | Lair:4   | Noticed promet's ghost (journeyman DDFi)
 16992 | Lair:4   | Noticed a dire elephant
 17057 | Lair:4   | Found a hole to the Spider Nest.
 17172 | Lair:4   | Noticed a dire elephant
 17194 | Lair:4   | Killed a dire elephant
 17262 | Lair:4   | Received a gift from Okawaru
 17263 | Lair:4   | Noticed Snorg
 17276 | Lair:4   | Killed Snorg
 17337 | Lair:4   | Found a transporter.
 17818 | Lair:5   | Found a viscous altar of Jiyva.
 17819 | Lair:5   | Found a staircase to the Slime Pits.
 17823 | Lair:5   | Reached skill level 10 in Armour
 17830 | Lair:5   | Found a frozen archway.
 17837 | Lair:5   | Reached skill level 10 in Fighting
 17850 | IceCv    | Entered an ice cave
 17969 | IceCv    | Received a gift from Okawaru
 18438 | Lair:5   | Acquired a manual of Shields
 18454 | Lair:5   | You fall into a shaft and drop 1 floor!
 18454 | Lair:6   | Entered Level 6 of the Lair of Beasts
 18467 | Lair:6   | Reached XP level 14. HP: 102/110 MP: 22/22
 18569 | Lair:5   | Noticed Urug
 18580 | Lair:5   | Killed Urug
 19302 | D:13     | Noticed a stone giant
 19304 | D:13     | Found a burning altar of Makhleb.
 19306 | D:13     | Found a shimmering altar of Xom.
 19310 | D:13     | HP: 1/110 [stone giant (10)]
 19585 | D:13     | Received a gift from Okawaru
 19639 | D:13     | HP: 1/110 [yaktaur (7)]
 19673 | D:13     | Noticed Azrael
 19683 | D:13     | Killed Azrael
 19785 | D:13     | Found a gate to the Vaults.
 19808 | D:13     | Noticed Rupert
 19817 | D:13     | Killed Rupert
 19873 | D:13     | Noticed Nessos
 19890 | D:13     | Killed Nessos
 19890 | D:13     | Received a gift from Okawaru
 20123 | D:13     | Reached skill level 10 in Shields
 20634 | D:14     | Killed a stone giant
 20645 | D:14     | Found a gate leading to a gauntlet.
 20660 | Gauntlet | Entered a Gauntlet
 20660 | Gauntlet | Found a transporter.
 20660 | Gauntlet | Found a transporter.
 20661 | Gauntlet | Found a runed translucent door.
 20662 | Gauntlet | Found a transporter.
 20664 | Gauntlet | Found a transporter.
 20666 | Gauntlet | Found a transporter.
 20666 | Gauntlet | Found a transporter.
 20698 | Gauntlet | Found a transporter.
 20702 | Gauntlet | Found a transporter.
 20710 | Gauntlet | Found a runed translucent gate.
 20710 | Gauntlet | Found a runed translucent gate.
 20710 | Gauntlet | Found a runed translucent gate.
 20714 | Gauntlet | Found a transporter.
 20731 | Gauntlet | Found a transporter.
 20736 | Gauntlet | Found a transporter.
 20756 | Gauntlet | Found a transporter.
 20832 | Gauntlet | Got a pair of masterwork gloves
 20842 | Gauntlet | Identified the +1 pair of gloves of the Skies Above {Str+3
                  | Stlth+} (You found it in a Gauntlet)
 21062 | Gauntlet | Identified The Last Papyrus of the Archmage
 21713 | D:15     | Entered Level 15 of the Dungeon
 21730 | D:15     | Got a pair of faintly humming gloves
 21740 | D:15     | Identified the +2 pair of gloves of Turrev {rPois rCorr
                  | Int+4} (You found it on level 15 of the Dungeon)
 21850 | D:15     | Found a shadowy altar of Dithmenos.
 21906 | D:15     | Reached XP level 15. HP: 113/117 MP: 22/24
 21953 | D:15     | Received a gift from Okawaru
 21968 | D:15     | Got a pair of dazzling boots {god gift}
 21973 | D:15     | Identified the +0 pair of boots "Ruxtal" {rF+++ Str-4}
                  | (Okawaru gifted it to you on level 15 of the Dungeon)
 22064 | D:15     | Found a staircase to the Depths.
 22728 | Lair:6   | Reached skill level 11 in Fighting
 23132 | Lair:6   | Found a shadowy altar of Dithmenos.
 23265 | Lair:6   | Acquired a manual of Armour
 23419 | Lair:6   | Received a gift from Okawaru
 23921 | Orc:1    | Entered Level 1 of the Orcish Mines
 24103 | Orc:1    | Found Ibumpeusch's Jewellery Boutique.
 24152 | Orc:1    | Noticed an orc warlord
 24189 | Orc:1    | Killed an orc warlord
 24543 | Orc:2    | Entered Level 2 of the Orcish Mines
 24607 | Orc:2    | Found a roughly hewn altar of Beogh.
 24640 | Orc:2    | Found a roughly hewn altar of Beogh.
 24828 | Orc:2    | Found Desanosch's General Store.
 24847 | Orc:2    | Cast into level 1 of the Abyss (orc knight)
 24947 | Orc:2    | Escaped the Abyss
 24965 | Orc:2    | Received a gift from Okawaru
 25029 | Orc:2    | Found Lajajat's Magic Scroll Shop.
 25033 | Orc:2    | Found Lagg's General Store.
 25040 | Orc:2    | Found Laraqes's Magic Scroll Emporium.
 25288 | Orc:2    | Bought a scroll of acquirement for 572 gold pieces
 25291 | Orc:2    | Acquired a manual of Armour
 25300 | Orc:2    | Bought a scroll of acquirement for 676 gold pieces
 25300 | Orc:2    | Acquired a +2 hat of willpower
 25401 | Orc:1    | Bought the ring of Meluax {rPois Str+6 Dex+3} for 912 gold
                  | pieces
 25489 | Orc:2    | Bought a scroll of identify for 28 gold pieces
 25489 | Orc:2    | Bought a scroll of identify for 28 gold pieces
 25491 | Orc:2    | Bought a scroll of identify for 22 gold pieces
 25491 | Orc:2    | Bought 2 scrolls of identify for 44 gold pieces
 25685 | Swamp:1  | Entered Level 1 of the Swamp
 25713 | Swamp:1  | Found a hide-covered altar of Uskayaw.
 25792 | Swamp:1  | Gained mutation: You have razor-sharp toenails. [demonic
                  | ancestry]
 25792 | Swamp:1  | Reached XP level 16. HP: 99/126 MP: 18/25
 26257 | Swamp:2  | Found a transporter.
 26272 | Swamp:2  | Received a gift from Okawaru
 26273 | Swamp:2  | Got a faintly glowing falchion {god gift}
 26291 | Swamp:2  | Noticed oc3rt's ghost (adept KoHu)
 26328 | Swamp:2  | Identified the +5 falchion "Useiwer" {flame, rN+} (Okawaru
                  | gifted it to you on level 2 of the Swamp)
 26403 | Swamp:2  | Found a transporter.
 27466 | Swamp:3  | Found a large runed translucent door.
 27468 | Swamp:3  | Found a large runed translucent door.
 27468 | Swamp:3  | Noticed Beepinex's ghost (journeyman HOFi)
 27488 | Swamp:3  | Killed Beepinex's ghost
 27488 | Swamp:3  | Received a gift from Okawaru
 27495 | Swamp:3  | Identified a +0 pair of boots of running (Okawaru gifted it
                  | to you on level 3 of the Swamp)
 27704 | Lair:4   | Killed promet's ghost
 27774 | Spider:1 | Entered Level 1 of the Spider Nest
 27980 | Spider:1 | Reached skill level 12 in Fighting
 28131 | Spider:1 | Noticed Agnes
 28149 | Spider:1 | Killed Agnes
 29389 | Spider:2 | Gained mutation: You have claws for feet. [demonic
                  | ancestry]
 29389 | Spider:2 | Reached XP level 17. HP: 106/133 MP: 0/27
 29396 | Spider:2 | Received a gift from Okawaru
 29651 | Spider:2 | Acquired the +8 tower shield of Grim New Discoveries
                  | {Dex+3}
 30128 | Spider:3 | Reached skill level 15 in Armour
 30139 | Spider:3 | Received a gift from Okawaru
 30143 | Spider:3 | Reached skill level 15 in Long Blades
 30166 | Spider:3 | Got a jet-encrusted animal skin {god gift}
 30994 | Lair:2   | Identified the +2 animal skin "Osoiczua" {rN+} (Okawaru
                  | gifted it to you on level 3 of the Spider Nest)
 31083 | Swamp:4  | Entered Level 4 of the Swamp
 31151 | Swamp:4  | Noticed Kirke
 31164 | Swamp:4  | Killed Kirke
 31555 | Swamp:4  | Got a decaying rune of Zot
 32169 | Spider:4 | Entered Level 4 of the Spider Nest
 32379 | Spider:4 | Received a gift from Okawaru
 32391 | Spider:4 | Identified the +8 scimitar of Okawaru's Reproof {flame, rC+
                  | MP+9 Str-2} (Okawaru gifted it to you on level 4 of the
                  | Spider Nest)
 32559 | Spider:4 | Gained mutation: You regenerate health from kills. [demonic
                  | ancestry]
 32559 | Spider:4 | Reached XP level 18. HP: 115/142 MP: 27/29
 32601 | Spider:4 | Got a gossamer rune of Zot
 32694 | Spider:4 | Reached skill level 15 in Invocations
 32706 | Spider:4 | Reached skill level 15 in Shields
 32935 | Spider:4 | Received a gift from Okawaru
 32936 | Spider:4 | Reached skill level 13 in Fighting
 32936 | Spider:4 | Got a jewelled scimitar {god gift}
 32943 | Spider:4 | Identified the +4 scimitar of Ascent {vorpal, Str+5 Stlth+}
                  | (Okawaru gifted it to you on level 4 of the Spider Nest)
 33006 | Spider:4 | Noticed Bai Suzhen
 33045 | Spider:4 | Killed Bai Suzhen
 33479 | Vaults:1 | Entered Level 1 of the Vaults
 33642 | Vaults:1 | Reached skill level 14 in Fighting
 33643 | Vaults:1 | Received a gift from Okawaru
 34038 | Vaults:1 | Found Ralun's Gadget Boutique.
 34051 | Vaults:1 | Found Usajurex's Armour Shop.
 34095 | Vaults:1 | Found Extiog's Armour Emporium.
 34323 | Vaults:1 | Reached skill level 15 in Fighting
 34410 | Vaults:1 | Found Puacir's Jewellery Emporium.
 34980 | Vaults:2 | Found a runed translucent gate.
 34981 | Vaults:2 | Found a runed translucent gate.
 34981 | Vaults:2 | Found a runed translucent gate.
 35000 | Vaults:2 | Identified the cursed +0 plate armour of Relativism {rC+}
 35000 | Vaults:2 | Identified the +5 kite shield of Bus Moatt {Int+4}
 35003 | Vaults:2 | Noticed Ucsexzetza's ghost (veteran HOFi)
 35006 | Vaults:2 | Found a roughly hewn altar of Beogh.
 35042 | Vaults:2 | Found a blossoming altar of Fedhas.
 35053 | Vaults:2 | Noticed Saint Roka
 35072 | Vaults:2 | Killed Saint Roka
 35212 | Vaults:2 | Noticed Mara
 35225 | Vaults:2 | Noticed Tirrikindir's illusion
 35233 | Vaults:2 | Killed Mara
 35399 | Vaults:2 | Received a gift from Okawaru
 35404 | Vaults:2 | Reached XP level 19. HP: 155/155 MP: 30/30
 35411 | Vaults:2 | Identified the +1 cloak "Giniushra" {rPois Int-2 Dex+3}
                  | (Okawaru gifted it to you on level 2 of the Vaults)
 36510 | Swamp:2  | Killed oc3rt's ghost
 36528 | Swamp:2  | Reached XP level 20. HP: 163/163 MP: 31/31
 37077 | Vaults:3 | Found a staircase to the Crypt.
 37077 | Vaults:3 | Found a basalt altar of Yredelemnul.
 37078 | Vaults:3 | Found an ancient bone altar of Kikubaaqudgha.
 37207 | Vaults:3 | Received a gift from Okawaru
 37273 | Vaults:3 | Found Plog's Gadget Shop.
 38141 | Vaults:4 | Reached skill level 16 in Fighting
 38263 | Vaults:4 | Received a gift from Okawaru
 38642 | Vaults:4 | Found a transporter.
 38654 | Vaults:4 | Found a transporter.
 38713 | Vaults:4 | Received a gift from Okawaru
 38722 | Vaults:4 | Identified the +2 kite shield of Ocwaq Mot {*Drain +Fly
                  | Dex+3} (Okawaru gifted it to you on level 4 of the Vaults)
 39414 | Depths:1 | Entered Level 1 of the Depths
 39479 | Depths:1 | Gained mutation: You are robust. (+10% HP) [demonic
                  | ancestry]
 39479 | Depths:1 | Reached XP level 21. HP: 165/188 MP: 23/33
 39542 | Depths:1 | Found a gateway to Hell.
 40159 | Depths:1 | Found a glowing golden altar of the Shining One.
 40499 | Depths:1 | Received a gift from Okawaru
 40524 | Depths:1 | Identified the +5 falchion "Citzur" {protect, rPois rC+
                  | Dex+2 Stlth+} (Okawaru gifted it to you on level 1 of the
                  | Depths)
 40676 | Depths:1 | Reached skill level 10 in Evocations
 41073 | Orc:2    | Found a staircase to the Elven Halls.
 41192 | Elf:1    | Entered Level 1 of the Elven Halls
 41212 | Elf:1    | Found a radiant altar of Vehumet.
 41376 | Elf:1    | Identified the Handbook of Conjuration
 41529 | Elf:1    | Received a gift from Okawaru
 41530 | Elf:1    | Found the +8 autumn katana {vorpal, Clar}
 41824 | Elf:1    | Found Ofech's Jewellery Emporium.
 41836 | Elf:1    | Reached skill level 17 in Fighting
 42213 | Elf:1    | Got a vibrating tin ring
 42214 | Elf:1    | Identified the ring "Riwnitid" {Wiz rF+ Str+2} (You found
                  | it on level 1 of the Elven Halls)
 42234 | Elf:2    | Found a flickering gateway to a bazaar.
 42255 | Bazaar   | Entered a bazaar
 42260 | Bazaar   | Found Itado's General Store.
 42260 | Bazaar   | Found Hetrat's Armour Boutique.
 42338 | Bazaar   | Found Vueloeneon's Distillery.
 42348 | Bazaar   | Found Simauv's Antique Armour Boutique.
 42370 | Bazaar   | Bought a potion of invisibility for 96 gold pieces
 42370 | Bazaar   | Bought a potion of cancellation for 96 gold pieces
 42370 | Bazaar   | Bought 2 potions of heal wounds for 120 gold pieces
 42370 | Bazaar   | Bought a potion of heal wounds for 60 gold pieces
 42370 | Bazaar   | Bought a potion of curing for 36 gold pieces
 42370 | Bazaar   | Bought a potion of invisibility for 96 gold pieces
 42370 | Bazaar   | Bought a potion of heal wounds for 60 gold pieces
 42370 | Bazaar   | Bought a potion of invisibility for 96 gold pieces
 42370 | Bazaar   | Bought a potion of berserk rage for 60 gold pieces
 42380 | Bazaar   | Bought a potion of heal wounds for 55 gold pieces
 42545 | Elf:2    | Found Suizinemp's Jewellery Shoppe.
 42545 | Elf:2    | Found Ubbelu's Gadget Boutique.
 42546 | Elf:2    | Found Tefor's Gadget Boutique.
 42748 | Elf:2    | Got a steaming copper ring
 42751 | Elf:2    | Identified the ring "Qerhirchi" {Fire Will++ Int+2 Dex-2}
                  | (You found it on level 2 of the Elven Halls)
 42787 | Elf:2    | Found a huge runed translucent gate.
 42787 | Elf:2    | Found a huge runed translucent gate.
 42787 | Elf:2    | Found a huge runed translucent gate.
 42787 | Elf:2    | Found a huge runed translucent gate.
 42788 | Elf:2    | Found a huge runed translucent gate.
 43106 | Elf:2    | Received a gift from Okawaru
 43107 | Elf:2    | Got a fine scale mail {god gift}
 43108 | Elf:2    | Identified the +1 scale mail of Hedge Wizardry {Harm
                  | Rampage} (Okawaru gifted it to you on level 2 of the Elven
                  | Halls)
 43673 | Depths:2 | Found a gateway to a ziggurat.
 43700 | Depths:2 | Gained mutation: You are completely covered in slimy green
                  | scales. (AC +4, rPois) [demonic ancestry]
 43700 | Depths:2 | Reached XP level 22. HP: 198/200 MP: 34/34
 43815 | Depths:2 | Found a one-way gate to the infinite horrors of the Abyss.
 44078 | Depths:2 | Found a one-way gate leading to the halls of Pandemonium.
 44339 | Depths:2 | Received a gift from Okawaru
 44340 | Depths:2 | Got a twisted longbow {god gift}
 44391 | Depths:2 | Found a snail-covered altar of Cheibriados.
 44391 | Depths:2 | Noticed a golden dragon
 44399 | Depths:2 | Killed a golden dragon
 45259 | Depths:3 | Reached skill level 18 in Fighting
 45272 | Depths:3 | Received a gift from Okawaru
 45278 | Depths:3 | Gained mutation: Your magical capacity is low. (-10% MP) [a
                  | neqoxec]
 45295 | Depths:3 | Lost mutation: You are clumsy. (Dex -2) [potion of
                  | mutation]
 45295 | Depths:3 | Lost mutation: You are weak. (Str -2) [potion of mutation]
 45295 | Depths:3 | Gained mutation: Your muscles are strong. (Str +2) [potion
                  | of mutation]
 45295 | Depths:3 | Gained mutation: Your mind is acute. (Int +2) [potion of
                  | mutation]
 45295 | Depths:3 | Gained mutation: Your system is resistant to poisons.
                  | (rPois) [potion of mutation]
 46421 | Depths:4 | Received a gift from Okawaru
 46424 | Depths:4 | Identified the +2 pair of gloves "Qaxeef" {Harm +Blink
                  | Str+2 Int-5} (Okawaru gifted it to you on level 4 of the
                  | Depths)
 46705 | Depths:4 | Noticed a caustic shrike
 46720 | Depths:4 | Noticed a golden dragon
 46765 | Depths:4 | Found a transporter.
 46765 | Depths:4 | Found a transporter.
 46917 | Depths:4 | Found a corrupted altar of Lugonu.
 47134 | Depths:4 | Gained mutation: You are very robust. (+20% HP) [demonic
                  | ancestry]
 47134 | Depths:4 | Reached XP level 23. HP: 203/230 MP: 32/32
 47319 | Depths:4 | Killed a caustic shrike
 47397 | Depths:4 | Got a smoking bronze amulet
 47398 | Depths:4 | Identified the amulet of the Ageing Genius {Spirit rPois
                  | rC- rN++ Str+4} (You found it on level 4 of the Depths)
 47840 | Elf:1    | Bought the ring of Penall {*Contam rElec rN+ Int+9 SInv}
                  | for 515 gold pieces
 48169 | Crypt:1  | Entered Level 1 of the Crypt
 48514 | Crypt:1  | Received a gift from Okawaru
 48589 | Crypt:1  | Found a huge runed gate.
 48589 | Crypt:1  | Found a huge runed gate.
 48590 | Crypt:1  | Found a huge runed gate.
 48593 | Crypt:1  | Found a huge runed gate.
 48594 | Crypt:1  | Found a huge runed gate.
 48601 | Crypt:1  | Found a huge runed gate.
 48601 | Crypt:1  | Found a huge runed gate.
 48601 | Crypt:1  | Found a huge runed gate.
 48601 | Crypt:1  | Found a huge runed gate.
 48601 | Crypt:1  | Found a huge runed gate.
 48601 | Crypt:1  | Found a huge runed gate.
 48732 | Crypt:1  | Reached skill level 19 in Fighting
 48890 | Crypt:1  | Found a huge runed gate.
 48890 | Crypt:1  | Found a huge runed gate.
 48891 | Crypt:1  | Found a huge runed gate.
 48891 | Crypt:1  | Found a huge runed gate.
 48892 | Crypt:1  | Found a huge runed gate.
 49062 | Crypt:1  | Found a huge runed gate.
 49062 | Crypt:1  | Found a huge runed gate.
 49066 | Crypt:1  | Found a huge runed gate.
 49926 | Crypt:3  | Entered Level 3 of the Crypt
 50171 | Crypt:3  | Identified the +3 pair of gloves "Jipy" {*Slow +Fly rN++
                  | rCorr} (You found it on level 3 of the Crypt)
 50556 | Crypt:3  | Found an ancient bone altar of Kikubaaqudgha.
 50574 | Crypt:3  | Noticed Margery
 50584 | Crypt:3  | Noticed a royal mummy
 50591 | Crypt:3  | Killed Margery
 50999 | Crypt:3  | Found a staircase to the Tomb.
 51047 | Crypt:3  | Found an ancient bone altar of Kikubaaqudgha.
 51114 | Crypt:3  | Killed a royal mummy
 51114 | Crypt:3  | Received a gift from Okawaru
 51727 | Crypt:3  | Gained mutation: You regenerate a lot of health from kills.
                  | [demonic ancestry]
 51727 | Crypt:3  | Reached XP level 24. HP: 155/243 MP: 10/32
 52527 | Vaults:2 | Killed Ucsexzetza's ghost
 52589 | Vaults:2 | Got a steaming steel amulet
 52590 | Vaults:2 | Identified the amulet "Najuq" {Reflect MP+9 SH+5} (You
                  | found it on level 2 of the Vaults)
 52635 | Vaults:5 | Entered Level 5 of the Vaults
 52647 | Vaults:5 | Reached skill level 20 in Fighting
 52651 | Vaults:5 | Received a gift from Okawaru
 52808 | Vaults:5 | Received a gift from Okawaru
 52829 | Vaults:5 | Reached skill level 21 in Fighting
 52836 | Vaults:5 | Identified the ring "Nedi" {+Fly rPois Str+6 Dex-5 Stlth-}
 52853 | Vaults:5 | Noticed an ancient lich
 52882 | Vaults:5 | Killed an ancient lich
 52882 | Vaults:5 | Received a gift from Okawaru
 52883 | Vaults:5 | Reached XP level 25. HP: 231/256 MP: 11/33
 53029 | Vaults:5 | Got a silver rune of Zot
 53033 | Vaults:5 | Identified the Compendium of Creative Dark Rituals
 53056 | Vaults:5 | Identified the Tome of Moulding and Ice
 53131 | Vaults:5 | Identified the Compendium of the Tortoise
 53224 | Vaults:5 | Identified the Incunabulum of Black Arts and Snow
 53454 | Vaults:5 | Found the +0 staff of Battle
 53768 | Vaults:4 | You fall into a shaft and drop 1 floor!
 54132 | Hell     | Entered the Vestibule of Hell
 54138 | Hell     | Noticed Geryon
 54167 | Hell     | Killed Geryon
 54179 | Hell     | Received a gift from Okawaru
 54354 | Hell     | Reached skill level 22 in Fighting
 54472 | Hell     | Found a gateway to the freezing wastes of Cocytus.
 54477 | Hell     | Received a gift from Okawaru
 54693 | Hell     | Found a gateway to the ashen valley of Gehenna.
 54778 | Hell     | Found a gateway to the decaying netherworld of Tartarus.
 54869 | Hell     | Found a gateway to the Iron City of Dis.
 54965 | Dis:1    | Entered Level 1 of the Iron City of Dis
 55556 | Dis:1    | Received a gift from Okawaru
 55803 | Dis:1    | Reached skill level 23 in Fighting
 56274 | Dis:2    | Gained mutation: You are extremely robust. (+30% HP)
                  | [demonic ancestry]
 56274 | Dis:2    | Reached XP level 26. HP: 265/297 MP: 33/33
 57131 | Dis:3    | Reached skill level 24 in Fighting
 57470 | Dis:3    | Received a gift from Okawaru
 57624 | Dis:3    | Received a gift from Okawaru
 57627 | Dis:3    | You fall into a shaft and drop 2 floors!
 58018 | Dis:3    | Received a gift from Okawaru
 58343 | Dis:3    | Reached skill level 25 in Fighting
 58644 | Dis:3    | You fall into a shaft and drop 1 floor!
 59684 | Dis:4    | Received a gift from Okawaru
 60186 | Dis:5    | Gained mutation: A powerful demonic guardian rushes to your
                  | aid. [demonic ancestry]
 60186 | Dis:5    | Reached XP level 27. HP: 314/314 MP: 33/33
 60400 | Dis:5    | Received a gift from Okawaru
 60443 | Dis:5    | Identified the +1 plate armour of Saki {rPois rF+ Dex-4}
                  | (Okawaru gifted it to you on level 5 of the Iron City of
                  | Dis)
 61444 | Dis:6    | Learned a level 6 spell: Shadow Creatures
 61574 | Dis:6    | Reached skill level 1 in Spellcasting
 61574 | Dis:6    | Reached skill level 1 in Summonings
 61760 | Dis:6    | Received a gift from Okawaru
 61779 | Dis:6    | Identified the -7 hat of Catatonia {*Drain +Fly Will-
                  | Str+7} (Okawaru gifted it to you on level 6 of the Iron
                  | City of Dis)
 62081 | Tar:1    | Entered Level 1 of Tartarus
 62416 | Tar:1    | Reached skill level 10 in Dodging
 63128 | Tar:1    | Learned a level 2 spell: Call Imp
 63248 | Tar:2    | Reached skill level 5 in Summonings
 63302 | Tar:2    | Received a gift from Okawaru
 63416 | Tar:2    | Reached skill level 5 in Spellcasting
 64202 | Tar:3    | Received a gift from Okawaru
 64203 | Tar:3    | Identified the +7 scimitar of Peril {vorpal, rElec rC+
                  | Stlth+} (Okawaru gifted it to you on level 3 of Tartarus)
 64566 | Tar:3    | Cast into level 2 of the Abyss (reaper)
 64602 | Tar:3    | Escaped the Abyss
 65016 | Tar:3    | Received a gift from Okawaru
 65041 | Tar:3    | Identified the +1 hat "Pafasm" {rF+} (Okawaru gifted it to
                  | you on level 3 of Tartarus)
 66859 | Tar:5    | Reached skill level 10 in Summonings
 67122 | Tar:5    | Received a gift from Okawaru
 67446 | Tar:6    | Reached skill level 26 in Fighting
 67525 | Tar:6    | Reached skill level 10 in Spellcasting
 67537 | Tar:6    | Received a gift from Okawaru
 68263 | Tar:7    | Entered Level 7 of Tartarus
 68288 | Tar:7    | Noticed an ancient lich
 68298 | Tar:7    | Killed an ancient lich
 68410 | Tar:7    | Noticed an ancient lich
 68423 | Tar:7    | Killed an ancient lich
 68627 | Tar:7    | Received a gift from Okawaru
 68795 | Tar:7    | Identified the +1 hat "Vaga" {+Inv} (Okawaru gifted it to
                  | you on level 7 of Tartarus)
 69044 | Tar:7    | Noticed Ereshkigal
 69061 | Tar:7    | Killed Ereshkigal
 69120 | Tar:7    | Got a bone rune of Zot
 69351 | Tar:7    | Received a gift from Okawaru
 69544 | Tar:7    | Received a gift from Okawaru
 70251 | Orc:2    | Bought a scroll of fog for 30 gold pieces
 70263 | Orc:2    | Bought a scroll of teleportation for 33 gold pieces
 70263 | Orc:2    | Bought a scroll of brand weapon for 220 gold pieces
 70263 | Orc:2    | Bought a scroll of teleportation for 33 gold pieces
 70263 | Orc:2    | Bought 3 scrolls of fear for 115 gold pieces
 70273 | Orc:2    | Bought a potion of curing for 39 gold pieces
 70281 | Orc:2    | Bought a scroll of enchant weapon for 105 gold pieces
 70281 | Orc:2    | Bought a scroll of fear for 49 gold pieces
 70281 | Orc:2    | Bought a scroll of enchant weapon for 105 gold pieces
 70281 | Orc:2    | Bought a scroll of teleportation for 42 gold pieces
 70431 | Elf:2    | Bought a wand of paralysis (4) for 78 gold pieces
 70431 | Elf:2    | Bought a wand of disintegration (4) for 104 gold pieces
 70435 | Elf:2    | Bought a wand of iceblast (12) for 272 gold pieces
 70678 | D:7      | Bought a wand of iceblast (10) for 140 gold pieces
 70678 | D:7      | Bought a wand of acid (7) for 220 gold pieces
 70678 | D:7      | Bought a wand of paralysis (9) for 110 gold pieces
 70678 | D:7      | Bought a wand of paralysis (10) for 120 gold pieces
 70741 | D:8      | Bought a twisted jade ring for 135 gold pieces
 70938 | Vaults:1 | Bought a wand of disintegration (17) for 210 gold pieces
 70938 | Vaults:1 | Bought a wand of iceblast (10) for 140 gold pieces
 70938 | Vaults:1 | Bought a wand of iceblast (12) for 160 gold pieces
 71232 | Elf:3    | Entered Level 3 of the Elven Halls
 71450 | Elf:3    | Found Niol's Weapon Boutique.
 72033 | Elf:3    | Identified the cursed +1 leather armour of Focus {rC+ SInv}
 72033 | Elf:3    | Identified the ring "Dirafu" {Ice Will+ Str+2 Dex+3}
 72040 | Elf:3    | Identified the +6 glaive of Charity {freeze, MP+9 Str+2}
 72110 | Elf:3    | Learned a level 5 spell: Lee's Rapid Deconstruction
 72113 | Elf:3    | Identified the +10 plate armour of Defence {Regen+} (You
                  | found it on level 3 of the Elven Halls)
 72125 | Elf:3    | Identified Rimo's Compendium of Toxic Fire
 72130 | Elf:3    | Got a brightly glowing brass amulet
 72131 | Elf:3    | Identified the amulet of Departure {Inacc Str+4 Dex+4} (You
                  | found it on level 3 of the Elven Halls)
 72986 | Crypt:1  | Noticed an ancient lich
 72986 | Crypt:1  | Noticed an ancient lich
 72987 | Crypt:1  | Identified the +10 scimitar "Mapn" {chaos, +Blink rPois rC+
                  | Str+2}
 72989 | Crypt:1  | Reached skill level 1 in Earth Magic
 73008 | Crypt:1  | Received a gift from Okawaru
 73009 | Crypt:1  | Killed an ancient lich
 73267 | Crypt:1  | Killed an ancient lich
 73337 | Crypt:1  | Identified the +10 scimitar of Meron {vorpal, rElec rC+
                  | Str+3 Stlth-} (Okawaru gifted it to you on level 1 of the
                  | Crypt)
 74075 | Dis:7    | Entered Level 7 of the Iron City of Dis
 74180 | Dis:7    | Reached skill level 5 in Earth Magic
 74479 | Dis:7    | Received a gift from Okawaru
 74500 | Dis:7    | Got a crude plate armour {god gift}
 74576 | Dis:7    | Reached skill level 15 in Summonings
 74994 | Dis:7    | Received a gift from Okawaru
 74999 | Dis:7    | Got a transparent crystal plate armour {god gift}
 75228 | Dis:7    | Found the +4 staff of Dispater
 75228 | Dis:7    | Noticed Dispater
 75262 | Dis:7    | Killed Dispater
 75282 | Dis:7    | Got a heavily runed tower shield
 75334 | Dis:7    | Reached skill level 10 in Earth Magic
 75345 | Dis:7    | Identified the Grimoire of Destructive Snow
 75421 | Dis:7    | Got an iron rune of Zot
 75844 | Lair:2   | Identified the -4 tower shield "Serarr" {Rampage rN+ Will+
                  | Stlth+} (You found it on level 7 of the Iron City of Dis)
 75865 | Lair:2   | Identified the +9 plate armour of the Sun {rCorr Slay+3}
                  | (Okawaru gifted it to you on level 7 of the Iron City of
                  | Dis)
 75875 | Lair:2   | Identified the +2 crystal plate armour of Midsummer {Dex+3}
                  | (Okawaru gifted it to you on level 7 of the Iron City of
                  | Dis)
 76069 | Depths:5 | Entered Level 5 of the Depths
 76592 | Depths:5 | Paralysed by a floating eye for 3 turns
 76903 | Depths:5 | Received a gift from Okawaru
 76928 | Depths:5 | Found a gate to the Realm of Zot.
 77167 | Zot:1    | Entered Level 1 of the Realm of Zot
 77553 | Zot:1    | Reached skill level 27 in Fighting
 77555 | Zot:1    | Found a transporter.
 77725 | Zot:1    | Received a gift from Okawaru
 77980 | Zot:1    | Found a transporter.
 77992 | Zot:1    | Noticed an orb of fire
 78002 | Zot:1    | Gained mutation: Your magical capacity is very low. (-20%
                  | MP) [an orb of fire]
 78007 | Zot:1    | Lost mutation: Your muscles are strong. (Str +2) [an orb of
                  | fire]
 78021 | Zot:1    | Killed an orb of fire
 78022 | Zot:1    | Reached skill level 15 in Evocations
 78050 | Zot:1    | Got a crude tin ring
 78061 | Zot:1    | Got a vibrating tin ring
 78070 | Zot:1    | Identified the cursed ring of Bicyekh {rF+ EV-4} (You found
                  | it on level 1 of the Realm of Zot)
 78073 | Zot:1    | Identified the ring of Wamieb {rN+ Str+5} (You found it on
                  | level 1 of the Realm of Zot)
 78637 | Zot:2    | Was placed under penance by Okawaru
 79655 | D:$      | Got out of the dungeon!

Illustrated notes

Levels and vault maps discovered:
D:1:      heliophobic_arrival_glass_houses, layout_basic, nrook_mini_backslash,
          minivault_11
D:2:      layout_basic, minmay_misc_feat_more_columns, kennysheep_generic_room_8
D:3:      layout_rooms, guppyfry_early_lair_pool, uniq_sigmund
D:4:      layout_basic, minitemple, minmay_temple_entry_arrows, minivault_27,
          small_statue_intersection
D:5:      layout_cave_pods, ebering_ghost_rock_garden, uniq_pikel
D:6:      layout_cave_pools, minmay_puff
D:7:      layout_rooms, xom_confusion_cloud, lemuel_crystal_altar, serial_shops,
          shop, lemuel_blue_sif_altar
D:8:      layout_basic, vehumet_crystals, basic_altar, serial_shops, shop
D:9:      layout_roguey, serial_curves, eino_curves_02, eino_curves_02
D:10:     layout_roguey [special_room_bee], uniq_sonja
D:11:     layout_layer_cave, dpeg_lair_monsters, orc_0_dummy, enter_bailey_5
D:12:     layout_basic, grunt_ministairs_12, uniq_erolcha
D:13:     layout_long_grid, hangedman_vaults_entry_quadrant_bands,
          jmf_multi_god_temple, uniq_azrael, uniq_nessos, uniq_rupert
D:14:     layout_roguey [special_room_mythical_zoo], fountainhead,
          gauntlet_entry_generic
D:15:     grunt_enter_depths_magical_seal, layout_loops_ring,
          grunt_dithmenos_smoke
Temple:   kb_temple_of_zot
Lair:1:   layout_regular_city
Lair:2:   layout_roguey, serial_rivers, chequers_serial_rivers_marsh,
          chequers_serial_rivers_small_a, chequers_serial_rivers_small_b,
          chequers_serial_rivers_small_3, chequers_serial_rivers_small_b,
          chequers_serial_rivers_large_b
Lair:3:   layout_cave_shapes, swamp_mist, serial_bayou, serial_bayou_lake_a,
          serial_bayou_ford_a, serial_bayou_pond_d, serial_bayou_lagoon_b,
          serial_bayou_shore_b, st_stairs_11
Lair:4:   beast_lair_carwin_large_4, layout_loops_ring,
          spider_nest_entry_rubble, gammafunk_ghost_arena, uniq_snorg
Lair:5:   layout_hall_layers, slime_altar_1, portal_ice_cave_rime,
          minmay_lair_oklob_chamber, serial_bayou_shore_b, serial_bayou_shore_b,
          uniq_urug
Lair:6:   hangedman_lair_tendril_chambers, layout_cave_shapes,
          lemuel_oklob_altar
Swamp:1:  layout_basic_swamp, basic_altar
Swamp:2:  layout_falls_marsh, gammafunk_ghost_berserking_beasts,
          evilmike_swamp_ruin_wall, swamp_pool2
Swamp:3:  layout_falls_marsh, ebering_ghost_disaster_area,
          evilmike_swamp_ruin_house_3, swamp_pool1
Swamp:4:  swamp_icy, layout_basic_swamp, infiniplex_staircase_pool_2, uniq_kirke
Spider:1: layout_chambers, uniq_agnes
Spider:2: layout_spider_delve
Spider:3: layout_spider_delve
Spider:4: floodkiller_spider_rune_tomb, uniq_bai_suzhen
Orc:1:    layout_caves, serial_shops, shop
Orc:2:    st_orc_elflike, layout_caves, basic_altar, mines1_david
Elf:1:    eino_elf_arrival_altar, layout_geoelf_grid, serial_shops, shop_statue,
          minmay_elf_annihilation, minivault_27,
          minmay_checkered_concentric_circles
Elf:2:    layout_gridlike, serial_shops, freezing_bzr, corner_web_ring,
          minmay_shop_grove
Elf:3:    minmay_elf_hall_statues, layout_geoelf_castle, serial_shops,
          shop_fountains
Vaults:1: nicolae_vaults_three_branches, v_misc_10, v_misc_27,
          vaults_room_grunt_arrival_ludios, vaults_room_pool,
          layout_vaults_omnigrid, serial_shops, nicolae_shop_waterfront, shop,
          shop, shop
Vaults:2: biasface_vaults_ghost_orc_armoury, v_misc_10,
          hangedman_vaults_slither, hangedman_vaults_slice,
          nicolae_vaults_mini_display_case, nicolae_vaults_little_squares_6,
          v_misc_29, grunt_vaults_swirl, v_misc_15, ontoclasm_vaults_tryst,
          ontoclasm_vaults_ring_large, vaults_room_grid, layout_vaults_omnibox,
          basic_altar, uniq_saint_roka, uniq_mara
Vaults:3: v_misc_26, minmay_crypt_entry_necro_gods, st_spiral_rooms, v_misc_30,
          v_misc_1, vaults_room_corners, vaults_room_grid,
          nicolae_vaults_little_squares_3, vaults_room_pool,
          dpeg_vaults_monster_box, layout_vaults_omnicross, serial_shops,
          shop_fountains
Vaults:4: vaults_dpeg_hooks, vaults_mumra_chevron_long,
          ontoclasm_vaults_ring_small, grunt_vaults_hallway_short,
          hangedman_vaults_corner, nicolae_vaults_rhombus_7,
          gammafunk_sealed_arena, nicolae_vaults_network_periphery,
          vaults_room_pool, vaults_mumra_minichess_inversion,
          ontoclasm_vaults_chip, ontoclasm_vaults_loading_screen,
          layout_vaults_maze_snakey
Vaults:5
Crypt:1:  layout_misc_corridors, minmay_misc_feat_hallway, door_vault
Crypt:2:  layout_misc_corridors
Crypt:3:  church_of_pain_bobbens, layout_chaotic_city,
          tomb_entry_forgotten_bobbens, basic_altar, minivault_24, uniq_margery
Depths:1: layout_basic, pf_hell_entry_tar_spiral, tso_altar,
          chequers_serial_rivers_micro_d, hangedman_abyss_or_decor_stagger,
          evilmike_minifort
Depths:2: pf_snail_temple, layout_basic, enter_ziggurat_f,
          hangedman_abyss_or_decor_clamps, abyss_entry_crystal,
          hangedman_coc_ice_floe, rand_demon_pan_entry_7
Depths:3: minmay_crescents, layout_cave_pools, abyss_entry_small_statue_room,
          hellmouth_1, rand_demon_pan_entry_1, chequers_serial_rivers_small_b
Depths:4: gammafunk_the_bubble [the_bubble_gammafunk_crates], layout_gridville,
          grunt_mini_vestibule, abyss_entry_flame_altar
Depths:5: evilmike_zot_entry_hall, layout_long_grid, rand_demon_pan_entry_3,
          hell_entry, glass_columns_a, grunt_ministairs_15, st_stairs_4
Hell
Dis:1:    layout_regular_city
Dis:2:    layout_subdivisions
Dis:3:    layout_subdivisions
Dis:4:    layout_gridville
Dis:5:    layout_regular_city, grunt_megastairs_1
Dis:6:    layout_regular_city
Dis:7:    iron_city_of_dis [dis_grunt, dis_wall_8], layout_chaotic_city
Tar:1:    layout_grid_maze
Tar:2:    layout_catacombs
Tar:3:    layout_cathedral_of_symmetry
Tar:4:    layout_honeycomb
Tar:5:    minmay_shadows, layout_grid_maze
Tar:6:    layout_catacombs
Tar:7:    tar_old
Zot:1:    gammafunk_its_a_trap, layout_basic, hangedman_spider_trapstep
Zot:2:    layout_concentric_octagons, hangedman_zot_decor_checkerboard

Skill      XL: |  1  2  3  4  5  6  7  8  9 10 11 12 13 14 15 16 17 18 19 20 21 22 23 24 25 26 27 |
---------------+----------------------------------------------------------------------------------+-----
Unarmed Combat | 2 3 |  3.3
Armour         | 3 4 6 7 8 10 11 12 14 15 16 17 18 19 20 22 | 22.4
Shields        | 3 4 5 6 8 10 12 13 14 15 16 17 18 20 | 20.9
Dodging        | 1 2 3 4 5 6 7 8 10 | 10.0
Fighting       | 4 5 6 7 8 9 10 11 12 15 16 17 18 19 21 23 25 27 | 27.0
Invocations    | 2 3 5 6 7 8 9 11 12 13 14 15 16 17 18 19 20 22 | 22.0
Long Blades    | 2 5 8 9 10 11 12 13 14 15 16 17 18 19 20 22 | 22.4
Evocations     | 2 3 5 6 7 8 9 10 15 | 15.1
Spellcasting   | 13 | 13.1
Summonings     | 17 | 17.1
Earth Magic    | 12 | 12.5

Action                   |  1- 3 |  4- 6 |  7- 9 | 10-12 | 13-15 | 16-18 | 19-21 | 22-24 | 25-27 || total
-------------------------+-------+-------+-------+-------+-------+-------+-------+-------+-------++-------
Melee: Unarmed           |   247 |   148 |       |       |       |       |       |       |       ||   395
       Long sword        |       |    26 |   215 |   581 |  1105 |   966 |       |       |       ||  2893
       Kick              |       |     7 |    63 |   182 |   496 |   874 |   634 |  1026 |  3988 ||  7270
       Headbutt          |       |       |     3 |   122 |   298 |   515 |   381 |   649 |  2462 ||  4430
       Short sword       |       |       |       |       |     2 |       |       |       |       ||     2
       Scimitar          |       |       |       |       |     3 |   513 |   993 |  1590 |  6159 ||  9258
       Falchion          |       |       |       |       |       |     4 |       |       |       ||     4
       Katana            |       |       |       |       |       |       |   188 |       |       ||   188
Throw: Boomerang         |       |     4 |    15 |    25 |    16 |    32 |     9 |    27 |    14 ||   142
 Cast: Shadow Creatures  |       |       |       |       |       |       |       |       |     5 ||     5
       Lee's Rapid Decon |       |       |       |       |       |       |       |       |     5 ||     5
       Call Imp          |       |       |       |       |       |       |       |       |     1 ||     1
Invok: Heroism           |       |       |       |     1 |    15 |    20 |     9 |    17 |    70 ||   132
       Finesse           |       |       |       |       |       |     1 |       |     1 |     5 ||     7
 Abil: Evoke Flight      |       |       |       |     9 |     2 |    26 |     5 |     2 |     1 ||    45
       Stop Flying       |       |       |       |     1 |       |       |       |       |       ||     1
Evoke: Wand              |       |       |       |     1 |     5 |     4 |     4 |     9 |    17 ||    40
       Condenser vane    |       |       |       |       |     2 |     5 |     1 |     5 |     4 ||    17
       Lightning rod     |       |       |       |       |     1 |       |       |    14 |     4 ||    19
       Phial of floods   |       |       |       |       |       |       |       |     1 |       ||     1
       Horn of Geryon    |       |       |       |       |       |       |       |       |     1 ||     1
  Use: Scroll            |     3 |     5 |    10 |     6 |    22 |     7 |     9 |     9 |    14 ||    85
       Potion            |       |     2 |     1 |     3 |     2 |     3 |     3 |     6 |     3 ||    23
 Stab: Distracted        |       |       |     1 |     2 |     6 |     8 |     9 |    11 |    17 ||    54
       Petrified         |       |       |       |       |     6 |       |       |       |       ||     6
       Petrifying        |       |       |       |       |     2 |       |       |       |       ||     2
       Confused          |       |       |       |       |       |     5 |       |       |     2 ||     7
       Paralysed         |       |       |       |       |       |       |     1 |       |       ||     1
       Invisible         |       |       |       |       |       |       |       |     1 |       ||     1
Armor: Scale mail        |   105 |    40 |       |       |       |       |       |       |       ||   145
       Plate armour      |       |    20 |   134 |       |       |       |       |       |       ||   154
       Crystal plate arm |       |       |     2 |   383 |   542 |   914 |   394 |   243 |       ||  2478
       Gold dragon scale |       |       |       |       |       |       |       |   342 |  1602 ||  1944
Dodge: Dodged            |    68 |    31 |    45 |    45 |   232 |   624 |   227 |   417 |  1591 ||  3280
Block: Kite shield       |   121 |    78 |   118 |   343 |   653 |   578 |       |       |       ||  1891
       Tower shield      |       |       |       |       |       |  1383 |  1469 |  2218 |  8149 || 13219
       Rpst.: Long sword |       |     1 |    20 |    10 |    66 |    79 |       |       |       ||   176
       Scimitar          |       |       |       |       |       |    44 |    27 |    64 |   274 ||   409
       Katana            |       |       |       |       |       |       |     1 |       |       ||     1
